 Dungeon Crawl Stone Soup version 0.28-a0-1389-gc726bef33b (webtiles) character file.

Game seed: 822695699556738114

51 Grim the Skirmisher (level 3, -7/40 HPs)
             Began as an Ogre Berserker on Jan 3, 2022.
             Was a Follower of Trog.
             Mangled by Sigmund (8 damage)
             ... on level 2 of the Dungeon.
             The game lasted 00:01:41 (1402 turns).

Grim the Skirmisher (Ogre Berserker)                Turns: 1402, Time: 00:01:41

Health: -7/40      AC:  3    Str: 21    XL:     3   Next: 83%
Magic:  3/3        EV: 10    Int: 10    God:    Trog [*.....]
Gold:   85         SH:  0    Dex:  8    Spells: 2/2 levels left

rFire   . . .      SeeInvis .   a - +0 mace
rCold   . . .      Faith    .   (no shield)
rNeg    . . .      Spirit   .   b - +0 animal skin
rPois   .          Reflect  .   (helmet restricted)
rElec   .          Harm     .   (no cloak)
rCorr   .          Rampage  .   (gloves unavailable)
Will    .....                   (boots unavailable)
Stlth   +.........              (no amulet)
HPRegen 0.13/turn               (no ring)
MPRegen 0.08/turn               (no ring)

@: on berserk cooldown, slowed, very slow
A: large, unfitting armour, tough skin 1
a: Renounce Religion, Berserk


You were on level 2 of the Dungeon.
You worshipped Trog.
Trog was aware of your devotion.
You visited 1 branch of the dungeon, and saw 2 of its levels.

You collected 85 gold pieces.

Inventory:

Hand Weapons
 a - a +0 mace (weapon)
Armour
 b - a +0 animal skin (worn)
Scrolls
 c - a scroll of identify {unknown}
 d - a scroll of enchant armour {unknown}
 f - a scroll of noise {unknown}
Potions
 e - a potion of cancellation {unknown}


   Skills:
 + Level 4.7 Fighting
 * Level 3.8 Maces & Flails
 - Level 2.6 Dodging


You had 2 spell levels left.
You didn't know any spells.
Your spell library was empty.

Dungeon Overview and Level Annotations

Branches:
Dungeon (2/15)

Altars:

Annotations:
D:2 Sigmund


Innate Abilities, Weirdness & Mutations

You are too large for most types of armour.
You have tough skin. (AC +1)


Message History

Deactivating autopickup; reactivate with Ctrl-A.
The bat hits you but does no damage.
You miss something. Something hits you! The bat closely misses you.
You completely miss something. The bat hits you but does no damage. x2
You barely miss something. The bat hits you but does no damage. x2
Something hits you! The adder bites you.
You closely miss something. The bat hits you. The adder barely misses you.
You miss something. The bat hits you but does no damage. x2
You hear some strange, mumbled words.
Something tries to affect you, but you resist.
The adder closely misses you.
You thump something!
You are no longer berserk.
You are exhausted.
You feel yourself slow down. The bat hits you.
* * * LOW HITPOINT WARNING * * *
The bat hits you but does no damage. The adder bites you.
* * * LOW HITPOINT WARNING * * *
Something hits you.
* * * LOW HITPOINT WARNING * * *
You miss something. The bat hits you but does no damage. The adder bites you.
* * * LOW HITPOINT WARNING * * *
The adder barely misses you. Something hits you.
* * * LOW HITPOINT WARNING * * *
The bat barely misses you.
You closely miss something. The bat hits you but does no damage. x2
The adder bites you but does no damage. The bat closely misses you.
The adder bites you but does no damage. Something hits you.
* * * LOW HITPOINT WARNING * * *
The bat completely misses you. The adder bites you but does no damage.
Unknown command.
You barely miss something. The bat barely misses you.
The adder barely misses you. Something hits you!
* * * LOW HITPOINT WARNING * * *
The adder bites you but does no damage. The bat misses you.
Unknown command.
You hit something. The bat hits you.
* * * LOW HITPOINT WARNING * * *
The adder barely misses you. The bat misses you. Something hits you!
You die...

#.# #.#
#.# #.# .
#.####.#
.#
#......#
#.
#####..# .
#..#.##
#..#..#
#.bS..#
##@#...#
#..{.....#
#........#
#........#
#........#
#.......##
#.......#
#.......#


You could see an adder and a bat.

Vanquished Creatures
  Terence (D:2)
  A worm (D:2)
  2 dart slugs (D:1)
  2 endoplasms (D:1)
  3 goblins
  8 kobolds
  A quokka (D:1)
  2 ball pythons (D:1)
  A frilled lizard (D:1)
  A rat (D:1)
22 creatures vanquished.

Notes
Turn   | Place    | Note
-------+----------+-------------------------------------------
     0 | D:1      | Grim the Ogre Berserker began the quest for the Orb.
     0 | D:1      | Reached XP level 1. HP: 24/24 MP: 1/1
   184 | D:1      | Reached XP level 2. HP: 32/32 MP: 2/2
  1159 | D:2      | Reached XP level 3. HP: 31/40 MP: 3/3
  1261 | D:2      | Noticed Terence
  1268 | D:2      | Killed Terence
  1384 | D:2      | Noticed Sigmund
  1401 | D:2      | HP: 2/40 [something (11)]
  1402 | D:2      | Mangled by Sigmund

Illustrated notes

Levels and vault maps discovered:
D:1:      shiori_arrival_oz, layout_basic
D:2:      layout_basic, hangedman_decor_push, uniq_sigmund, uniq_terence

Skill      XL: |  1 |
---------------+----+-----
Maces & Flails | 3 |  3.8
Fighting       | |  4.7
Dodging        | |  2.6

Action                   || total
-------------------------++-------
Melee: Mace              ||    82
Invok: Berserk           ||     3
Armor: Animal skin       ||    34
Dodge: Dodged            ||    45

Table legend: (Time is in decaauts)
 A = Elapsed time spent in this place.
 B = Non-inter-level travel time spent in this place.
 C = Inter-level travel time spent in this place.
 D = Time resting spent in this place.
 E = Time spent auto-exploring this place.
 F = Levels seen in this place.
 G = Mean time per level.
                   A        B        C        D        E       F      G
               +--------+--------+--------+--------+--------+-----+--------+
         Total |   1438 |   1412 |     26 |    144 |   1066 |   2 |  719.0 |
       Dungeon |   1438 |   1412 |     26 |    144 |   1066 |   2 |  719.0 |
               +--------+--------+--------+--------+--------+-----+--------+

Top non-repeatable levels by time:
     D:1: 1129 daAuts
     D:2: 309 daAuts
